 Dungeon Crawl Stone Soup version 0.23.0 (webtiles) character file.

Game seed: 8559966376330072346

74 Ivernyr the Magician (level 4, -2/36 HPs)
             Began as a Naga Wizard on Feb 18, 2019.
             Slain by an orc
             ... wielding a +0 hand axe
              (4 damage)
             ... on level 2 of the Dungeon.
             The game lasted 00:09:56 (2342 turns).

Ivernyr the Magician (Naga Wizard)                  Turns: 2342, Time: 00:09:57

Health: -2/36      AC:  3    Str: 10    XL:     4   Next: 28%
Magic:  1/9        EV: 10    Int: 19    God:
Gold:   97         SH:  0    Dex:  9    Spells: 1/10 levels left

rFire    . . .     SeeInvis +   l - +0 spear
rCold    . . .     Gourm    .   (no shield)
rNeg     . . .     Faith    .   j - +1 robe {MR+}
rPois    +         Spirit   .   b - +0 hat
rElec    .         Reflect  .   (no cloak)
rCorr    .         Harm     .   (no gloves)
MR       +....                  (no barding)
Stlth    ++........             a - amulet of the acrobat
HPRegen  0.12/turn              (no ring)
MPRegen  0.11/turn              (no ring)

@: short of breath, very slightly contaminated, very slow
A: large, see invisible, deformed body, poison resistance, slowness 2, slow
metabolism 1, spit poison 1, AC +1
a: Spit Poison


You were on level 2 of the Dungeon.
You were hungry.

You visited 1 branch of the dungeon, and saw 3 of its levels.

You collected 97 gold pieces.

Inventory:

Hand Weapons
 l - a +0 spear (weapon)
Armour
 b - a +0 hat (worn)
 e - a +0 buckler
 j - a +1 robe of magic resistance (worn)
Jewellery
 a - an amulet of the acrobat (around neck)
Wands
 i - a wand of flame (21)
Scrolls
 c - 2 scrolls of amnesia {unknown}
 g - 3 scrolls of identify {unknown}
Potions
 f - a potion of lignification {unknown}
 h - a potion of flight {unknown}
 k - a potion of magic {unknown}
Comestibles
 d - 2 rations


   Skills:
 - Level 2.0 Dodging
 - Level 3.0 Stealth
 + Level 0.5 Shields
 + Level 3.7 Spellcasting
 * Level 2.5 Conjurations
   Level 1.0 Summonings
 - Level 1.0 Translocations


You had one spell level left.
You knew the following spells:

 Your Spells              Type           Power        Failure   Level  Hunger
a - Magic Dart            Conj           ##..         4%          1    None
b - Blink                 Tloc           N/A          14%         2    ##.....
c - Conjure Flame         Conj/Fire      #.......     26%         3    ###....
d - Mephitic Cloud        Conj/Pois/Air  #.......     30%         3    ###....

Your spell library contained the following spells:

 Spells                   Type           Power        Failure   Level  Hunger
 Call Imp                 Summ           #.......     14%         2    ##.....
 Slow                     Hex            #.......     22%         2    ##.....


Dungeon Overview and Level Annotations

Branches:
Dungeon (3/15)

Altars:
Makhleb
Zin


Innate Abilities, Weirdness & Mutations

You cannot wear boots.
Your serpentine skin is tough. (AC +1)
You have supernaturally acute eyesight. (SInv)
Armour fits poorly on your strangely shaped body.
Your system is resistant to poisons. (rPois)
You cover ground very slowly.
You have a slow metabolism.
You can spit poison.


Message History

The orc hits you.
* * * LOW HITPOINT WARNING * * *
The orc hits you with a +0 hand axe.
* * * LOW HITPOINT WARNING * * *
You barely miss the orc.
The orc is moderately wounded.
The orc hits you.
* * * LOW HITPOINT WARNING * * *
The orc closely misses you.
You closely miss the orc.
The orc is moderately wounded.
The orc barely misses you. The orc hits you but does no damage.
You hit the orc.
You kill the orc!
The orc hits you with a +0 hand axe.
* * * LOW HITPOINT WARNING * * *
You hit the orc.
The orc is heavily wounded.
The orc hits you with a +0 hand axe.
You die...

#.######...# #.# #.#
..# #.....# #.#####.#
#.# #.##..# #.......#
#.# ##.#..# #.#######
#.#####....# #.#
.....##....# ######.#
.#####.#†..# #......#
#######....###.####.#
###..#.....#...o@oo.#
....###.#..#.########
.....##....#.#
########...#.#
#.#..#.# ##.#.#.#
###.#.# #...# #####


You could see 3 orcs.

Vanquished Creatures
  2 adders (D:2)
  An ooze (D:2)
  2 worms (D:2)
  A dart slug (D:1)
  2 leopard geckos
  An orc (D:2)
  2 giant cockroaches
  11 goblins
  4 hobgoblins
  A quokka (D:2)
  5 bats
  2 frilled lizards (D:1)
  3 kobolds
  6 rats
43 creatures vanquished.

Notes
Turn   | Place    | Note
-------+----------+-------------------------------------------
     0 | D:1      | Ivernyr the Naga Wizard began the quest for the Orb.
     0 | D:1      | Reached XP level 1. HP: 15/15 MP: 4/4
   248 | D:1      | Reached XP level 2. HP: 22/22 MP: 6/6
   252 | D:1      | Learned a level 2 spell: Blink
   846 | D:1      | Reached XP level 3. HP: 18/28 MP: 0/8
   851 | D:1      | Learned a level 3 spell: Conjure Flame
   855 | D:1      | Learned a level 3 spell: Mephitic Cloud
  1194 | D:2      | Found a burning altar of Makhleb.
  1978 | D:2      | Found a glowing silver altar of Zin.
  1983 | D:2      | Reached XP level 4. HP: 36/36 MP: 4/9
  2342 | D:2      | Slain by an orc

Skill      XL: |  1  2  3 |
---------------+----------+-----
Dodging        | 2 |  2.0
Conjurations   | 2 |  2.5
Stealth        | |  3.0
Shields        | |  0.5
Spellcasting   | |  3.7
Summonings     | |  1.0
Translocations | |  1.0

Action                   |  1- 3 |  4- 6 || total
-------------------------+-------+-------++-------
Melee: Unarmed           |     7 |       ||     7
       Spear             |       |    19 ||    19
 Cast: Magic Dart        |    56 |     5 ||    61
       Mephitic Cloud    |       |     1 ||     1
 Abil: Spit Poison       |    23 |     5 ||    28
  Eat: Chunk             |     3 |     1 ||     4
Armor: Robe              |     3 |     9 ||    12
Dodge: Dodged            |    17 |    25 ||    42
